 Dungeon Crawl Stone Soup version 0.17-a0-1447-g3d113ad (webtiles) character file.

1852 Okay the Cleaver (level 8, -12/58 HPs)
             Began as a Demonspawn Berserker on June 28, 2015.
             Was an Elder of Trog.
             Mangled by a sun demon (13 damage)
             ... on level 1 of the Abyss.
             The game lasted 00:11:21 (5993 turns).

Okay the Cleaver (Demonspawn Berserker)             Turns: 5993, Time: 00:11:21

Health: -12/58     AC: 16    Str: 19    XL:     8   Next: 88%
Magic:  8/8        EV:  6    Int: 10    God:    Trog [****..]
Gold:   229        SH:  0    Dex: 12    Spells: 0 memorised, 7 levels left

rFire  . . .     SeeInvis .     D - +0 war axe
rCold  . . .     Clarity  .     m - +1 plate armour
rNeg   . . .     SustAt   .     (no shield)
rPois  .         Gourm    .     (helmet restricted)
rElec  .         Spirit   .     y - +1 cloak
rCorr  .         Warding  .     (no gloves)
rMut   .         Stasis   .     (no boots)
MR     .....                    E - amulet of regeneration
Stlth  ..........               (no ring)
                                (no ring)

@: not resistant to hostile enchantments, extremely unstealthy
A: horns 2, thin metallic scales 2, nightstalker 1
a: Burn Spellbooks, Berserk, Trog's Hand, Brothers in Arms, Renounce Religion


You were on level 1 of the Abyss.
You worshipped Trog.
Trog was greatly pleased with you.
You were not hungry.

You visited 1 branch of the dungeon, and saw 7 of its levels.
You visited the Abyss 1 time.

You collected 229 gold pieces.

Inventory:

Hand weapons
 a - a +0 hand axe
 D - a +0 war axe (weapon)
Armour
 b - a +0 animal skin
 m - a +1 plate armour (worn)
 t - a +0 helmet
 y - a +1 cloak (worn)
Jewellery
 l - an uncursed ring of fire
 r - an uncursed amulet of guardian spirit
 E - an amulet of regeneration (around neck)
Magical devices
 h - a wand of magic darts (27)
 s - a wand of fire (15)
 H - a wand of slowing (19)
 I - a wand of paralysis (16)
Scrolls
 e - 5 scrolls of identify
 f - 6 scrolls of teleportation
 g - 5 scrolls of noise
 o - 3 scrolls of immolation
 p - a scroll of enchant armour
 u - 3 scrolls of remove curse
 A - a scroll of fog
Potions
 k - 2 potions of cure mutation
 n - 2 potions of resistance
Books
 G - a book of Flames

   Spells                             Type                      Level
   a - Flame Tongue                   Conjuration/Fire             1
   b - Throw Flame                    Conjuration/Fire             2
   c - Conjure Flame                  Conjuration/Fire             3
   d - Inner Flame                    Hexes/Fire                   3
   e - Sticky Flame                   Conjuration/Fire             4
   f - Fireball                       Conjuration/Fire             5
   Trog disapproves of the use of such an item.
Comestibles
 c - 3 bread rations
 d - 3 fruits
 j - a meat ration
 x - a slice of pizza


   Skills:
 - Level 3.0 Fighting
 + Level 10.8 Axes
 - Level 1.7 Armour
 - Level 1.7 Dodging


You had 7 spell levels left.
You didn't know any spells.

Dungeon Overview and Level Annotations

Branches:
Dungeon (7/15)             Temple (0/1) D:6

Altars:
Nemelex Xobeh
Okawaru
Yredelemnul
The Shining One

Annotations:
D:3 1 runed door


Innate Abilities, Weirdness & Mutations

You have a pair of horns on your head.
You are mostly covered in thin metallic scales (AC +3).
You are slightly more attuned to the shadows.


Message History

You feel strangely unstable.
You feel the power of the Abyss delaying your translocation!
The storm dragon skeleton bites you but does no damage.
The storm dragon skeleton claws you but does no damage.
The storm dragon skeleton tramples you but does no damage.
You feel less exhausted.
You are suddenly pulled into a different region of the Abyss!
Your magical contamination has completely faded away.
A large abomination is cast out of reality!
h - a wand of magic darts
There are no items here.
The sun demon shouts!
Found a wand of slowing.
Found a gateway leading deeper into the Abyss.
The sun demon hits you!!
You are engulfed in flames!
* * * LOW HITPOINT WARNING * * *
The sun demon hits you!!
* * * LOW HITPOINT WARNING * * *
You are engulfed in flames!
You die...

. #..##...
###..##..##..##. ..
................. .
#.................
#..##..##..##...#
###..##..##..##..#
#......../........#
#@3.......X.......
##..##..##..##....
#..##..##..# ..X
#......... ... ..#
#.............. ##
#......# ......##
...............# .
. ..#. .......


You could see a sun demon.

Vanquished Creatures
  Sigmund (D:5)
  Edmund (D:4)
  A phantom (D:4)
  4 ogres
  A sky beast (D:6)
  2 ice beasts
  2 black bears
  A centaur (D:6)
  A giant frog (D:7)
  A jelly (D:7)
  Crazy Yiuf (D:4)
  A centaur skeleton (D:5)
  6 worker ants
  An iguana (D:7)
  2 orc wizards (D:4)
  A killer bee zombie (D:6)
  A worker ant zombie (D:6)
  3 gnolls (D:3)
  5 adders
  An adder zombie (D:7)
  An ooze (D:5)
  2 worms
  5 giant geckos
  12 orcs
  4 ball pythons
  8 bats
  7 giant cockroaches
  10 hobgoblins
  2 jackals (D:3)
  10 kobolds
  4 quokkas
  A giant cockroach zombie (D:5)
  A giant gecko skeleton (D:4)
  3 giant newts
  12 goblins
  A jackal skeleton (D:3)
  A quokka zombie (D:7)
  14 rats
135 creatures vanquished.

Notes
Turn   | Place    | Note
--------------------------------------------------------------
     0 | D:1      | Okay the Demonspawn Berserker began the quest for the Orb.
     0 | D:1      | Reached XP level 1. HP: 18/18 MP: 1/1
   474 | D:1      | Gained mutation: You are slightly more attuned to the shadows. [demonic ancestry]
   474 | D:1      | Reached XP level 2. HP: 24/24 MP: 2/2
  1001 | D:1      | Acquired Trog's second power
  1577 | D:2      | Gained mutation: You have a pair of small horns on your head. [demonic ancestry]
  1577 | D:2      | Reached XP level 3. HP: 13/29 MP: 3/3
  1935 | D:2      | Reached skill level 4 in Axes
  2110 | D:2      | Reached XP level 4. HP: 13/35 MP: 4/4
  2504 | D:2      | Found a glowing golden altar of the Shining One.
  2767 | D:3      | Found a runed door.
  2767 | D:3      | Noticed a human
  2772 | D:3      | Found a basalt altar of Yredelemnul.
  2825 | D:3      | Reached skill level 5 in Axes
  2897 | D:3      | Found an iron altar of Okawaru.
  3327 | D:4      | Noticed a phantom
  3437 | D:4      | Killed a phantom
  3437 | D:4      | Reached XP level 5. HP: 35/41 MP: 5/5
  3509 | D:4      | Noticed Edmund
  3532 | D:4      | Killed Edmund
  3532 | D:4      | Reached skill level 6 in Axes
  3532 | D:4      | Gained mutation: You are partially covered in thin metallic scales (AC +2). [demonic ancestry]
  3532 | D:4      | Reached XP level 6. HP: 35/47 MP: 4/6
  3604 | D:4      | Found a sparkling altar of Nemelex Xobeh.
  3703 | D:4      | Noticed Crazy Yiuf
  3709 | D:4      | Paralysed by Crazy Yiuf for 3 turns
  3712 | D:4      | Killed Crazy Yiuf
  3869 | D:4      | Noticed an ogre
  3878 | D:4      | Killed an ogre
  3878 | D:4      | Reached skill level 7 in Axes
  3878 | D:4      | Gained mutation: You have a pair of horns on your head. [demonic ancestry]
  3878 | D:4      | Reached XP level 7. HP: 52/52 MP: 3/7
  4146 | D:5      | Entered Level 5 of the Dungeon
  4328 | D:5      | Noticed Sigmund
  4336 | D:5      | Killed Sigmund
  4336 | D:5      | Reached skill level 8 in Axes
  4810 | D:5      | Reached skill level 9 in Axes
  4810 | D:5      | Gained mutation: You are mostly covered in thin metallic scales (AC +3). [demonic ancestry]
  4810 | D:5      | Reached XP level 8. HP: 46/58 MP: 6/8
  5105 | D:6      | Found a staircase to the Ecumenical Temple.
  5209 | D:6      | Acquired Trog's third power
  5209 | D:6      | Reached skill level 10 in Axes
  5901 | D:7      | Cast into the Abyss (orc warrior)
  5925 | Abyss:1  | Noticed a storm dragon skeleton
  5979 | Abyss:1  | Noticed a sun demon
  5993 | Abyss:1  | HP: 1/58 [sun demon (19)]
  5993 | Abyss:1  | Mangled by a sun demon

Vault maps used:
D:1:      dpeg_arrival_orchard
D:2:      minmay_large_rounded_square, tso_altar
D:3:      lemuel_coloured_pillars_altar, dk_yredelemnul_ordeal
D:4:      nemelex_diamond_rough_becter, uniq_edmund, uniq_crazy_yiuf_cottage
D:5:      first_bread, uniq_sigmund
D:6:      minmay_temple_entry_mist

Action                   |  1- 3 |  4- 6 |  7- 9 || total
-------------------------+-------+-------+-------++-------
Melee: Hand axe          |   144 |   144 |    64 ||   352
       War axe           |       |       |   162 ||   162
Invok: Trog's Hand       |     1 |       |       ||     1
       Berserk           |       |     5 |     3 ||     8
  Use: Potion            |     1 |       |     5 ||     6
       Scroll            |       |       |    13 ||    13
 Stab: Sleeping          |     5 |       |       ||     5
  Eat: Chunk             |     3 |     6 |    10 ||    19
       Bread ration      |       |     1 |     1 ||     2
